 Dungeon Sprint DCSS version 0.27-a0-216-g1fbed8a51c (webtiles) character file.

Game seed: 17688186323265723730

3840 mhtbhm the Imperceptible (level 9, 0/47 HPs)
             Began as a Spriggan Brigand on Jan 31, 2021.
             Was an Elder of Dithmenos.
             Succumbed to spriggan rider's curare-tipped dart
             ... in the Dungeon (Sprint IV: "Fedhas' Mad Dash").
             The game lasted 00:03:29 (2393 turns).

mhtbhm the Imperceptible (Spriggan Brigand)         Turns: 2393, Time: 00:03:29

Health: 0/47       AC:  4    Str:  7    XL:     9   Next: 98%
Magic:  10/10      EV: 23    Int: 12    God:    Dithmenos [****..]
Gold:   156        SH:  0    Dex: 21    Spells: 5/8 levels left

rFire    . . .     SeeInvis +   a - +2 dagger
rCold    . . .     Faith    .   (shield restricted)
rNeg     . . .     Spirit   .   b - +1 robe
rPois    .         Reflect  .   (helmet restricted)
rElec    .         Harm     .   c - +0 cloak
rCorr    .         Rampage  .   (gloves unavailable)
Will     +....     NoTele   +   (boots unavailable) Stlth ****++++++
                                m - amulet of invisibility {+Inv}
HPRegen  0.15/turn              (no ring)
MPRegen  0.12/turn              (no ring)

@: lethally poisoned (0 -> -9), very slightly contaminated, slowed, wreathed by
umbra, invisible (expiring), quick
A: very small, unfitting armour, see invisible, speed 3
a: Renounce Religion, Evoke Invisibility, Shadow Step


You were in the Dungeon.
You worshipped Dithmenos.
Dithmenos was greatly pleased with you.
You visited 1 branch You collected 156 gold pieces.

Inventory:

Hand Weapons
 a - a +2 dagger (weapon)
Missiles
 d - 8 poisoned darts (quivered)
Armour
 b - a +1 robe (worn)
 c - a +0 cloak (worn)
Jewellery
 m - the amulet of invisibility (around neck) {+Inv}
   (You found it in the Dungeon)

   [amulet of nothing]

   It lets you turn invisible.
Scrolls
 k - a scroll of blinking
 o - 2 scrolls of identify
Potions
 h - a potion of haste
 i - 2 potions of magic


   Skills:
 + Level 5.1 Fighting
 + Level 8.5 Short Blades
 + Level 5.7 Throwing
 + Level 6.8 Dodging
 + Level 24.8 Stealth
 + Level 0.5 Invocations
 + Level 10.6 Evocations


You had 5 spell levels left.
You knew the following spells:

 Your Spells              Type           Power        Failure   Level
a - Mephitic Cloud        Conj/Pois/Air  0%           69%         3

Your spell library contained the following spells:

 Spells                   Type           Power        Failure   Level
 Magic Dart               Conj           0%           32%         1
 Blink                    Tloc           N/A          45%         2
 Call Imp                 Summ           0%           45%         2
 Slow                     Hex            0%           45%         2
 Conjure Flame            Conj/Fire      0%           69%         3


Dungeon Overview and Level Annotations

Branches:
Dungeon (1/1)

Altars:
Cheibriados
Dithmenos
Elyvilon
Gozag
Hepliaklqana
Kikubaaqudgha
Makhleb
Nemelex Xobeh
Okawaru
Qazlal
Ru
Sif Muna
Trog
Uskayaw
Vehumet
Wu Jian
Xom
Yredelemnul
Zin
The Shining One
Beogh
Jiyva
Lugonu

Shops:
D *


Innate Abilities, Weirdness & Mutations

You are very small and have problems with some larger weapons.
You are too small for most types of armour.
You have supernaturally acute eyesight. (SInv)
You cover ground extremely quickly.


Message History

As you read the scroll labelled CENGOO KEZA, it crumbles to dust.
It is a scroll of enchant armour.
Your +0 robe glows green for a moment.
You feel sick.
As you read the scroll labelled GEAZISTEOTS, it crumbles to dust.
The scroll dissolves into smoke.
It was a scroll of fog.
You feel sick.
The spriggan rider hits you but does no damage.
As you read the scroll labelled PICZEU TOEM, it crumbles to dust.
It is a scroll of identify.
You don't have any unidentified items.
You flicker for a moment.
You feel sick.
The spriggan rider hits you from afar with a +0 spear!!
Ouch! That really hurt!
* * * LOW HITPOINT WARNING * * *
You emit a cloud of dark smoke.
* * * LOW HITPOINT WARNING * * *
You feel sick.
Unknown command.
Okay, then.
You die...

########### ._._.⌠.#..+
_._._..'..# ._._...#..# ###
_._._..#..# ...#
._._.⌠.############
####...∩#
############..§§§§###.....♣
.♣)###.'..'..§§§@i§.'(..♣
..♣##..#..#.P§§§§§#######
♣).###.##+##.P§§§§#
..♣')..# ######## ########


You could see a spriggan rider (poisoned, slow).

Vanquished Creatures
  A spriggan druid (D)
  6 oklob plants (D)
  A demonic crawler (D)
  A queen bee (D)
  A wandering mushroom (D)
  A burning bush (D)
  A spriggan (D)
  4 killer bees (D)
  5 oklob saplings (D)
  A worker ant (D)
  A river rat (D)
  A rat (D)
  A ballistomycete spore (D)
25 creatures vanquished.

Notes
Turn   | Place    | Note
-------+----------+-------------------------------------------
     0 | D        | mhtbhm the Spriggan Brigand began the quest for the Orb.
     0 | D        | Reached XP level 1. HP: 10/10 MP: 2/2
    10 | D        | Reached skill level 8 in Stealth
    10 | D        | Reached XP level 2. HP: 15/15 MP: 3/3
    22 | D        | Noticed an oklob sapling
    23 | D        | Killed an oklob sapling
    24 | D        | Reached skill level 10 in Stealth
    24 | D        | Reached XP level 3. HP: 18/18 MP: 4/4
    27 | D        | Found the amulet of invisibility {+Inv}
    29 | D        | Reached skill level 11 in Stealth
    52 | D        | Found an opulent altar of Gozag.
    52 | D        | Found a hazy altar of Hepliaklqana.
    52 | D        | Found a burning altar of Makhleb.
    52 | D        | Found a roughly hewn altar of Beogh.
    52 | D        | Found a sparkling altar of Nemelex Xobeh.
    52 | D        | Found a snail-covered altar of Cheibriados.
    52 | D        | Found a sacrificial altar of Ru.
    52 | D        | Found a shimmering blue altar of Sif Muna.
    52 | D        | Found a shimmering altar of Xom.
    52 | D        | Found a basalt altar of Yredelemnul.
    54 | D        | Found a viscous altar of Jiyva.
    54 | D        | Found a bloodstained altar of Trog.
    54 | D        | Found an ornate altar of the Wu Jian Council.
    54 | D        | Noticed an oklob sapling priest
    55 | D        | Found an iron altar of Okawaru.
    55 | D        | Found a shadowy altar of Dithmenos.
    55 | D        | Found a glowing silver altar of Zin.
    56 | D        | Found an ancient bone altar of Kikubaaqudgha.
    56 | D        | Found a hide-covered altar of Uskayaw.
    57 | D        | Found a stormy altar of Qazlal.
    57 | D        | Found a white marble altar of Elyvilon.
    57 | D        | Found a glowing golden altar of the Shining One.
    58 | D        | Found a corrupted altar of Lugonu.
    58 | D        | Found a radiant altar of Vehumet.
    61 | D        | Killed an oklob sapling priest
    62 | D        | Reached skill level 13 in Stealth
    62 | D        | Reached skill level 1 in Evocations
    62 | D        | Reached XP level 4. HP: 23/23 MP: 2/5
    64 | D        | Became a worshipper of Dithmenos the Shadowed
    74 | D        | Reached XP level 5. HP: 27/27 MP: 3/6
   332 | D        | Reached skill level 14 in Stealth
   348 | D        | Noticed a queen bee
   356 | D        | Reached * piety under Dithmenos
   357 | D        | Reached skill level 15 in Stealth
   365 | D        | Reached skill level 16 in Stealth
   365 | D        | Reached XP level 6. HP: 32/32 MP: 5/7
   367 | D        | Reached ** piety under Dithmenos
   368 | D        | Reached skill level 5 in Short Blades
   376 | D        | Killed a queen bee
   377 | D        | Reached skill level 18 in Stealth
   377 | D        | Reached XP level 7. HP: 33/36 MP: 6/8
   670 | D        | Noticed an oklob plant
   673 | D        | Killed an oklob plant
   674 | D        | Reached skill level 5 in Throwing
   674 | D        | Reached skill level 20 in Stealth
   674 | D        | Reached skill level 5 in Evocations
   686 | D        | Noticed a burning bush
   689 | D        | Killed a burning bush
   690 | D        | Reached XP level 8. HP: 42/42 MP: 9/9
   699 | D        | Noticed a burning bush
   699 | D        | Noticed an oklob plant
   763 | D        | Noticed a wandering mushroom
  1044 | D        | Killed an oklob plant
  1045 | D        | Reached skill level 5 in Dodging
  1045 | D        | Reached skill level 21 in Stealth
  1045 | D        | Killed a wandering mushroom
  1046 | D        | Reached skill level 22 in Stealth
  1046 | D        | Reached *** piety under Dithmenos
  1331 | D        | Noticed a spriggan druid
  1332 | D        | Killed a spriggan druid
  1333 | D        | Reached skill level 23 in Stealth
  1333 | D        | Reached XP level 9. HP: 46/46 MP: 10/10
  1344 | D        | Noticed an oklob plant conjurer
  1740 | D        | Killed an oklob plant conjurer
  1806 | D        | Learned a level 3 spell: Mephitic Cloud
  1852 | D        | Noticed an oklob plant
  1852 | D        | Noticed an oklob plant summoner
  1853 | D        | Noticed an oklob plant shifter
  1857 | D        | Killed an oklob plant
  1858 | D        | Reached skill level 5 in Fighting
  1859 | D        | Killed an oklob plant summoner
  1859 | D        | Reached **** piety under Dithmenos
  1860 | D        | Reached skill level 24 in Stealth
  1860 | D        | Reached skill level 10 in Evocations
  1862 | D        | Killed an oklob plant shifter
  1872 | D        | Noticed a demonic crawler
  1874 | D        | Killed a demonic crawler
  1998 | D        | Noticed a spriggan rider
  1999 | D        | Found Haduczeu's Assorted Antiques.
  2391 | D        | HP: 2/47 [spriggan rider/+0 spear (26)]
  2393 | D        | Succumbed to spriggan rider's curare-tipped dart

Illustrated notes

Levels and vault maps discovered:
D:        dungeon_sprint_fedhas [sprint_temple]

Skill      XL: |  1  2  3  4  5  6  7  8  9 |
---------------+----------------------------+-----
Stealth        | 8 10 13 16 18 20 23 24 | 24.8
Fighting       | 2 3 4 5 |  5.1
Short Blades   | 3 4 5 6 7 8 |  8.5
Throwing       | 3 4 5 |  5.7
Evocations     | 1 3 4 5 8 10 | 10.6
Dodging        | 2 3 4 5 6 |  6.8
Invocations    | |  0.5

Action                   |  1- 3 |  4- 6 |  7- 9 || total
-------------------------+-------+-------+-------++-------
Melee: Dagger            |     6 |    21 |    51 ||    78
Throw: Dart              |     1 |     1 |     8 ||    10
Invok: Shadow Step       |       |       |     1 ||     1
 Abil: Evoke Invisibilit |     1 |     1 |     6 ||     8
  Use: Potion            |       |     3 |     1 ||     4
       Scroll            |       |       |     3 ||     3
 Stab: Sleeping          |     4 |     2 |    11 ||    17
       Invisible         |       |     5 |     1 ||     6
Armor: Robe              |       |       |     3 ||     3
Dodge: Dodged            |       |    24 |    20 ||    44

Table legend: (Time is in decaauts)
 A = Elapsed time spent in this place.
 B = Non-inter-level travel time spent in this place.
 C = Inter-level travel time spent in this place.
 D = Time resting spent in this place.
 E = Time spent auto-exploring this place.
 F = Levels seen in this place.
 G = Mean time per level.
                   A        B        C        D        E       F      G
               +--------+--------+--------+--------+--------+-----+--------+
         Total |   2284 |   2284 |      0 |   2005 |      0 |   1 | 2284.0 |
       Dungeon |   2284 |   2284 |      0 |   2005 |      0 |   1 | 2284.0 |
               +--------+--------+--------+--------+--------+-----+--------+

Top non-repeatable levels by time:
       D: 2284 daAuts
